[Event "NOR-ch Various 2019"]
[Site "Larvik"]
[Date "2019.07.13"]
[Round "9.2"]
[White "Stake-Larsen, Gunnar"]
[Black "Hamre, Einar"]
[Result "1/2-1/2"]
[ECO "E44"]
[WhiteElo "1976"]
[BlackElo "1944"]
[Annotator "NA"]
[PlyCount "113"]
[EventDate "2019.07.06"]
[EventType "swiss"]
[EventCountry "NOR"]
[SourceTitle "playchess.com"]
[Source "ChessBase"]
[SourceQuality "1"]
[TimeControl "40/5400+30:1800+30"]

1. d4 Nf6 2. c4 e6 3. Nc3 Bb4 4. e3 O-O 5. Nge2 b6 6. a3 Bxc3+ 7. Nxc3 d5 8. cxd5 exd5 9. Bd3 Bb7 10. O-O c5 11. dxc5 bxc5 12. Qa4 d4 13. exd4 cxd4 14. Ne2 Qd5 15. f3 Nc6 16. Qb5 Ne5 17. Nf4 Qxb5 18. Bxb5 a6 19. Be2 Rac8 20. Nd3 Nc4 21. Bg5 Nd5 22. Rfc1 f6 23. Bh4 Rfe8 24. Bf1 Nde3 25. Be1 Nxf1 26. Kxf1 Ne3+ 27. Kf2 Nc2 28. Rab1 Re3 29. Rd1 a5 30. Bxa5 Ba6 31. Nf4 g5 32. Nd5 Re2+ 33. Kg1 Kf7 34. Rd2 Rc5 35. Rxe2 Bxe2 36. Nb4 Rxa5 37. Nxc2 Bd3 38. b4 Bxc2 39. Rb2 d3 40. bxa5 d2 41. Rb7+ Kg6 42. Rd7 d1=Q+ 43. Rxd1 Bxd1 44. Kf2 Kf5 45. Ke1 Ba4 46. Kd2 Ke5 47. Kc3 Kd5 48. Kb4 Bd7 49. a6 Kc6 50. a7 Kb7 51. Kc5 h5 52. Kd6 Bc8 53. Ke7 f5 54. Kf6 g4 55. Kg5 Kxa7 56. Kxh5 Bb7 57. fxg4 1/2-1/2

[Event "NOR-ch Various 2019"]
[Site "Larvik"]
[Date "2019.07.13"]
[Round "9.3"]
[White "Kyrkjebo, Eirik"]
[Black "Tidemann-Andersen, Leif"]
[Result "1/2-1/2"]
[ECO "C41"]
[WhiteElo "1598"]
[BlackElo "1587"]
[Annotator "NA"]
[PlyCount "50"]
[EventDate "2019.07.06"]
[EventType "swiss"]
[EventCountry "NOR"]
[SourceTitle "playchess.com"]
[Source "ChessBase"]
[SourceQuality "1"]
[TimeControl "40/5400+30:1800+30"]

1. e4 e5 2. Nf3 d6 3. Nc3 Be7 4. d4 exd4 5. Nxd4 Nf6 6. Bb5+ c6 7. Ba4 b5 8. Bb3 b4 9. Nb1 Nxe4 10. Qf3 Nf6 11. Ba4 Bd7 12. Nxc6 Nxc6 13. Bxc6 Rc8 14. Bxd7+ Qxd7 15. c3 Qe6+ 16. Be3 Nd5 17. O-O bxc3 18. Nxc3 Nxc3 19. bxc3 Rxc3 20. Qa8+ Rc8 21. Qxa7 O-O 22. Rfe1 Ra8 23. Qb7 Bf6 24. Bd4 Qf5 25. Bxf6 Qxf6 1/2-1/2

[Event "NOR-ch Various 2019"]
[Site "Larvik"]
[Date "2019.07.13"]
[Round "9.4"]
[White "Wessel-Berg, Dag"]
[Black "Teigen, Tore"]
[Result "1-0"]
[ECO "D00"]
[WhiteElo "1486"]
[BlackElo "1551"]
[Annotator "NA"]
[PlyCount "51"]
[EventDate "2019.07.06"]
[EventType "swiss"]
[EventCountry "NOR"]
[SourceTitle "playchess.com"]
[Source "ChessBase"]
[SourceQuality "1"]
[TimeControl "40/5400+30:1800+30"]

1. d4 d5 2. Bf4 Nf6 3. e3 e6 4. Nd2 c6 5. Ngf3 h6 6. Bd3 Bd6 7. Bg3 Nbd7 8. Bxd6 Nb6 9. Bg3 Nbd7 10. Ne5 c5 11. c3 a6 12. Qf3 Qb6 13. Rb1 Qa5 14. a3 c4 15. Bc2 O-O 16. Bf4 Qd8 17. g4 g5 18. Bg3 Kg7 19. h4 Rh8 20. hxg5 hxg5 21. Rxh8 Qxh8 22. Ke2 Kf8 23. Rh1 Qg7 24. Nxd7+ Bxd7 25. Be5 Ke7 26. Rh7 1-0

[Event "NOR-ch Various 2019"]
[Site "Larvik"]
[Date "2019.07.13"]
[Round "9.5"]
[White "Strand, Andreas"]
[Black "Sorensen, Simen"]
[Result "0-1"]
[ECO "B21"]
[WhiteElo "1884"]
[BlackElo "1979"]
[Annotator "NA"]
[PlyCount "104"]
[EventDate "2019.07.06"]
[EventType "swiss"]
[EventCountry "NOR"]
[SourceTitle "playchess.com"]
[Source "ChessBase"]
[SourceQuality "1"]
[TimeControl "40/5400+30:1800+30"]

1. e4 c5 2. f4 e6 3. Nf3 d5 4. Bb5+ Bd7 5. Bxd7+ Nxd7 6. Nc3 dxe4 7. Nxe4 Ngf6 8. Qe2 Be7 9. b3 O-O 10. Bb2 Qc7 11. Ne5 Nxe4 12. Qxe4 Nf6 13. Qf3 Rfd8 14. g4 Nd5 15. g5 f6 16. gxf6 Bxf6 17. O-O-O b5 18. Kb1 c4 19. Rhg1 a5 20. Ng4 Bxb2 21. Kxb2 Rac8 22. Qe4 Kh8 23. Rg3 Qxf4 24. Qxe6 Qd4+ 25. c3 Nxc3 26. Rxc3 Re8 27. Qf5 b4 28. Rdc1 bxc3+ 29. dxc3 Qc5 30. Qxc5 Rxc5 31. Ka3 Rg5 32. h3 Re2 33. Rf1 h5 34. Rf2 Re4 35. Nh2 Re3 36. Rf8+ Kh7 37. Nf3 Rg3 38. Nd4 cxb3 39. axb3 Rxc3 40. Ka4 Rxh3 41. Ne6 Rxb3 42. Ng5+ Kg6 43. Nxh3 Rxh3 44. Kxa5 Rb3 45. Ka4 Rb7 46. Rf1 h4 47. Ka5 Kh5 48. Ka6 Rb2 49. Rf3 g5 50. Rc3 g4 51. Rc5+ Kg6 52. Ka5 g3 0-1

[Event "NOR-ch Various 2019"]
[Site "Larvik"]
[Date "2019.07.13"]
[Round "9.6"]
[White "Kvendseth, Cornelius"]
[Black "Kyrkjebo, Hanna B."]
[Result "0-1"]
[ECO "E06"]
[WhiteElo "1964"]
[BlackElo "1915"]
[Annotator "NA"]
[PlyCount "90"]
[EventDate "2019.07.06"]
[EventType "swiss"]
[EventCountry "NOR"]
[SourceTitle "playchess.com"]
[Source "ChessBase"]
[SourceQuality "1"]
[TimeControl "40/5400+30:1800+30"]

1. Nf3 d5 2. g3 Bg4 3. Bg2 c6 4. d4 Nf6 5. O-O e6 6. c4 Be7 7. Nc3 O-O 8. cxd5 exd5 9. Qc2 Nbd7 10. Re1 Re8 11. Bd2 Bd6 12. Nh4 Bh5 13. Qb3 Qb6 14. Qxb6 Nxb6 15. Nf5 Bc7 16. Rac1 Rad8 17. Bg5 Bg6 18. Bxf6 gxf6 19. Ne3 Bb8 20. Nc2 Nc4 21. b3 Nd6 22. f3 Kg7 23. e4 dxe4 24. fxe4 a6 25. Rcd1 Ba7 26. Bf3 Nb5 27. Nxb5 axb5 28. Kg2 f5 29. exf5 Bxf5 30. Rxe8 Rxe8 31. Nb4 Rd8 32. d5 c5 33. Nd3 c4 34. bxc4 bxc4 35. Nf4 c3 36. Ne2 c2 37. Re1 Re8 38. d6 Bb6 39. Rh1 Rd8 40. g4 Bd3 41. Nf4 Rxd6 42. Rc1 Be3 43. Nxd3 Bxc1 44. Nxc1 Rd1 45. Nb3 Rb1 0-1

[Event "NOR-ch Various 2019"]
[Site "Larvik"]
[Date "2019.07.13"]
[Round "9.8"]
[White "Rynning, Rune Kleiven"]
[Black "Westrum, Kim Roger Hansen"]
[Result "0-1"]
[ECO "B01"]
[WhiteElo "1620"]
[BlackElo "1731"]
[Annotator "NA"]
[PlyCount "64"]
[EventDate "2019.07.06"]
[EventType "swiss"]
[EventCountry "NOR"]
[SourceTitle "playchess.com"]
[Source "ChessBase"]
[SourceQuality "1"]
[TimeControl "40/5400+30:1800+30"]

1. e4 d5 2. exd5 Qxd5 3. Nc3 Qa5 4. d4 Nf6 5. Nf3 c6 6. Bc4 Bf5 7. Bd2 Qc7 8. O-O e6 9. Ne5 Bd6 10. Re1 O-O 11. Bf4 Nd5 12. Bxd5 exd5 13. Qd2 Na6 14. Re2 Nb4 15. a3 Nxc2 16. Rc1 f6 17. Nd3 Nxd4 18. Nxd5 Nxe2+ 19. Qxe2 Qd7 20. Bxd6 Bxd3 21. Ne7+ Kh8 22. Qxd3 Rad8 23. Rd1 Rfe8 24. Nf5 g6 25. Nh6 Kg7 26. h4 Qe6 27. Qd2 Re7 28. Qa5 Red7 29. Qb4 Rxd6 30. Qxb7+ R8d7 31. Rxd6 Qxd6 32. Qc8 Kxh6 0-1

[Event "NOR-ch Various 2019"]
[Site "Larvik"]
[Date "2019.07.13"]
[Round "9.9"]
[White "Berbom, Henrik"]
[Black "Wullum, Robin"]
[Result "0-1"]
[ECO "D35"]
[WhiteElo "1506"]
[BlackElo "1452"]
[Annotator "NA"]
[PlyCount "100"]
[EventDate "2019.07.06"]
[EventType "swiss"]
[EventCountry "NOR"]
[SourceTitle "playchess.com"]
[Source "ChessBase"]
[SourceQuality "1"]
[TimeControl "40/5400+30:1800+30"]

1. d4 Nf6 2. c4 e6 3. Nc3 d5 4. cxd5 exd5 5. Bg5 Be7 6. e3 O-O 7. Bd3 h6 8. Bh4 Re8 9. Nf3 c6 10. Bg3 Nbd7 11. h3 a6 12. O-O Bf8 13. Qc2 c5 14. Bf5 g6 15. Bxd7 Bxd7 16. dxc5 Bf5 17. Qb3 Bxc5 18. Rfd1 Qe7 19. Nxd5 Nxd5 20. Qxd5 Rad8 21. Qe5 Qf8 22. Qc7 Be4 23. Nd4 Rc8 24. Qa5 Red8 25. Bc7 Rd5 26. Nb3 Bb4 27. Qb6 Rb5 28. Qd4 Bc2 29. Bd6 Bxd6 30. Qxd6 Bxd1 31. Qxf8+ Kxf8 32. Rxd1 Rc2 33. Nd4 Rbxb2 34. Nxc2 Rxc2 35. Rb1 b5 36. a4 bxa4 37. Ra1 Rc4 38. Kf1 Ke7 39. Ke2 Kd6 40. Kd3 Kc5 41. g3 Kb5 42. g4 Rb4 43. f3 Rb3+ 44. Kd4 a3 45. Rc1 a2 46. Ra1 Ra3 47. h4 Kb4 48. h5 Kb3 49. f4 gxh5 50. gxh5 Kb2 0-1

[Event "NOR-ch Various 2019"]
[Site "Larvik"]
[Date "2019.07.13"]
[Round "9.10"]
[White "Carlin, Tormod"]
[Black "Evanger, Trond"]
[Result "1/2-1/2"]
[ECO "D94"]
[WhiteElo "1426"]
[BlackElo "1571"]
[Annotator "NA"]
[PlyCount "163"]
[EventDate "2019.07.06"]
[EventType "swiss"]
[EventCountry "NOR"]
[SourceTitle "playchess.com"]
[Source "ChessBase"]
[SourceQuality "1"]
[TimeControl "40/5400+30:1800+30"]

1. d4 Nf6 2. c4 g6 3. Nc3 Bg7 4. Nf3 O-O 5. e3 d5 6. cxd5 Nxd5 7. Bd3 c5 8. Bc4 Nxc3 9. bxc3 Nc6 10. O-O Qc7 11. Be2 Rd8 12. Bb2 Bf5 13. Qc1 Rac8 14. Rd1 Na5 15. h3 cxd4 16. cxd4 Nc4 17. Bd3 Bxd3 18. Rxd3 Nxb2 19. Qxb2 e5 20. Rdd1 exd4 21. Nxd4 Rd5 22. Rac1 Qd7 23. Rxc8+ Qxc8 24. Rb1 b6 25. Qa3 Bxd4 26. exd4 Qd7 27. Re1 Rxd4 28. Re7 Rd1+ 29. Kh2 Qd6+ 30. Qxd6 Rxd6 31. Rxa7 Rd2 32. Kg3 Kg7 33. Ra6 Rb2 34. Ra3 b5 35. Rb3 Rxa2 36. Rxb5 Rc2 37. Rb7 Rc3+ 38. f3 Rc5 39. h4 h5 40. Rb4 Rc2 41. Rb7 Rc5 42. Rb4 Rc2 43. Kh3 Rc5 44. g4 hxg4+ 45. fxg4 Rc3+ 46. Kg2 Rd3 47. Kf2 Rh3 48. g5 Rc3 49. Ke2 Rh3 50. Kf2 Rc3 51. Kg2 Rd3 52. Rf4 Rb3 53. Rf1 Rc3 54. Rh1 Ra3 55. Rf1 Rc3 56. Rf6 Ra3 57. Rf4 Rc3 58. Rf3 Rc4 59. Kg3 Rc5 60. Kg4 Rc4+ 61. Rf4 Rc1 62. Kg3 Rc3+ 63. Rf3 Rc5 64. Kg4 Rc4+ 65. Kg3 Rc5 66. Ra3 Rb5 67. Ra4 Rb1 68. Kf4 Re1 69. Re4 Rxe4+ 70. Kxe4 f5+ 71. gxf6+ Kxf6 72. Kf4 Kf7 73. Kg5 Kg7 74. Kf4 Kh6 75. Kg4 Kh7 76. Kg5 Kg7 77. Kf4 Kf6 78. Kg4 Kf7 79. Kg5 Kg7 80. Kf4 Kf6 81. Kg4 Kf7 82. Kg5 1/2-1/2

[Event "NOR-ch Various 2019"]
[Site "Larvik"]
[Date "2019.07.13"]
[Round "9.11"]
[White "Tran, Tien Quoc"]
[Black "Nordlov, Jorgen"]
[Result "1-0"]
[ECO "B01"]
[WhiteElo "1266"]
[BlackElo "1263"]
[Annotator "NA"]
[PlyCount "89"]
[EventDate "2019.07.06"]
[EventType "swiss"]
[EventCountry "NOR"]
[SourceTitle "playchess.com"]
[Source "ChessBase"]
[SourceQuality "1"]
[TimeControl "40/5400+30:1800+30"]

1. e4 d5 2. exd5 Qxd5 3. Nc3 Qd6 4. d4 c6 5. Nf3 g6 6. Bd3 Bg4 7. Ne4 Qc7 8. Qe2 Bg7 9. c3 Nd7 10. h3 Bxf3 11. Qxf3 Qa5 12. O-O Rd8 13. Ng5 Ngf6 14. Re1 h6 15. Ne4 O-O 16. Nxf6+ exf6 17. Bc4 Rde8 18. Bd2 Nb6 19. b4 Rxe1+ 20. Rxe1 Qa4 21. Bb3 Qb5 22. Qe2 Qxe2 23. Rxe2 g5 24. Re7 Nd5 25. Rxb7 Re8 26. Kf1 g4 27. hxg4 Re4 28. f3 Re8 29. Rxa7 Ne3+ 30. Kf2 Nd5 31. a4 f5 32. gxf5 Bf6 33. Bxd5 cxd5 34. Bxh6 Bh4+ 35. g3 Be7 36. Rd7 f6 37. Rxd5 Kh7 38. Bf4 Kg8 39. b5 Ra8 40. b6 Rxa4 41. b7 Ra2+ 42. Ke3 Rb2 43. b8=Q+ Rxb8 44. Bxb8 Kf7 45. c4 1-0

[Event "NOR-ch Various 2019"]
[Site "Larvik"]
[Date "2019.07.13"]
[Round "9.12"]
[White "Edoy, Rune"]
[Black "Lund, Scott Macody"]
[Result "1-0"]
[ECO "B01"]
[WhiteElo "1319"]
[BlackElo "1389"]
[Annotator "NA"]
[PlyCount "150"]
[EventDate "2019.07.06"]
[EventType "swiss"]
[EventCountry "NOR"]
[SourceTitle "playchess.com"]
[Source "ChessBase"]
[SourceQuality "1"]
[TimeControl "40/5400+30:1800+30"]

1. e4 d5 2. exd5 Qxd5 3. Nc3 Qa5 4. Bc4 c6 5. d4 Bf5 6. Nf3 Nf6 7. O-O e6 8. Re1 Be7 9. Bf4 Nbd7 10. Ne5 Nxe5 11. Rxe5 Qd8 12. h3 Bd6 13. g4 Bxe5 14. Bxe5 Bg6 15. f4 Qe7 16. g5 Nd7 17. Bxg7 Rg8 18. Bh6 Qb4 19. Bb3 O-O-O 20. Ne2 Nb6 21. c3 Qd6 22. c4 Qe7 23. Ng3 Qd7 24. c5 Nd5 25. Qf3 Ne7 26. Rd1 Nf5 27. Nxf5 Bxf5 28. h4 Qc7 29. Qe3 Qa5 30. Qe5 Qc7 31. Bg7 Qxe5 32. Bxe5 b6 33. cxb6 axb6 34. Rc1 Be4 35. Bd1 Kb7 36. Kf2 Rc8 37. Bh5 Bg6 38. Bf3 b5 39. Ke3 Kb6 40. b4 Rgd8 41. Bf6 Rd7 42. h5 Bf5 43. Be4 Bxe4 44. Kxe4 Ra8 45. Rc2 Rda7 46. Ke5 Rxa2 47. Rxa2 Rxa2 48. Kd6 Ra7 49. Bd8+ Kb7 50. Ke5 Kc8 51. Bb6 Rb7 52. Bc5 Kd7 53. Kf6 Ke8 54. Kg7 f6+ 55. Kxf6 Rf7+ 56. Ke5 Kd7 57. Ke4 Rg7 58. Bf8 Rf7 59. Bh6 Rf5 60. g6 hxg6 61. hxg6 Ke8 62. Bg7 Rh5 63. Bf6 Rg5 64. Bxg5 Kf8 65. Ke5 Kg7 66. Kxe6 Kg8 67. Kd6 c5 68. dxc5 Kf8 69. c6 Kg8 70. c7 Kg7 71. Bd8 Kf8 72. c8=Q Kg7 73. f5 Kh6 74. Bf6 Kh5 75. g7 Kh6 1-0

[Event "NOR-ch Various 2019"]
[Site "Larvik"]
[Date "2019.07.13"]
[Round "9.15"]
[White "Fossan, Petter"]
[Black "Bjornes, Leif"]
[Result "1-0"]
[ECO "B14"]
[WhiteElo "2295"]
[BlackElo "1898"]
[Annotator "ChessBase"]
[PlyCount "51"]
[EventDate "2019.07.06"]
[EventType "swiss"]
[EventCountry "NOR"]
[SourceTitle "playchess.com"]
[Source "ChessBase"]
[SourceQuality "1"]
[TimeControl "40/5400+30:1800+30"]

1. e4 c6 2. d4 d5 3. exd5 cxd5 4. c4 Nf6 5. Nc3 g6 6. cxd5 Nxd5 7. Qb3 Nb6 8. Nf3 Bg7 9. Bb5+ N8d7 10. a4 a6 11. Be2 Nf6 12. a5 Nbd7 13. O-O O-O 14. Ne5 e6 15. Rd1 Qe7 16. Nc4 Nd5 17. Na4 Qb4 18. Qxb4 Nxb4 19. Nab6 Nxb6 20. Nxb6 Ra7 21. Bf4 e5 22. Bxe5 Bxe5 23. dxe5 Bf5 24. f4 h5 25. Rd6 Be4 26. Ra4 1-0

[Event "NOR-ch Various 2019"]
[Site "Larvik"]
[Date "2019.07.13"]
[Round "9.16"]
[White "Wister, Tom R"]
[Black "Hansen, Svein E"]
[Result "0-1"]
[ECO "E24"]
[WhiteElo "1849"]
[BlackElo "2064"]
[Annotator "NA"]
[PlyCount "118"]
[EventDate "2019.07.06"]
[EventType "swiss"]
[EventCountry "NOR"]
[SourceTitle "playchess.com"]
[Source "ChessBase"]
[SourceQuality "1"]
[TimeControl "40/5400+30:1800+30"]

1. d4 Nf6 2. c4 e6 3. Nc3 Bb4 4. a3 Bxc3+ 5. bxc3 c5 6. f3 Qa5 7. Bd2 Nc6 8. e3 d6 9. Bd3 e5 10. d5 Ne7 11. e4 Bd7 12. Ne2 a6 13. O-O h6 14. f4 Ng6 15. Qc2 Qc7 16. Ng3 O-O-O 17. f5 Ne7 18. a4 a5 19. Rfb1 b6 20. Qd1 Rdg8 21. Rb2 Kb7 22. Be3 Ka7 23. Bf2 Nc8 24. Nf1 g5 25. g3 Qd8 26. h3 Ne8 27. Be3 Ng7 28. Be2 f6 29. Nd2 Qe8 30. Nf1 h5 31. Nh2 Qf7 32. Qf1 Ne7 33. Rab1 Rb8 34. Bd1 Qe8 35. Ra1 Rb7 36. Rf2 Ng8 37. Qd3 Qc8 38. Bc2 Nh6 39. Raf1 Qd8 40. Qd2 Nf7 41. Ra1 Rf8 42. Nf1 Nh6 43. Nh2 Bc8 44. Ra2 Re7 45. Qe2 Bd7 46. Nf1 Qc8 47. Nd2 Nhxf5 48. exf5 Nxf5 49. Bxf5 Bxf5 50. Kf1 Bxh3+ 51. Ke1 Bg4 52. Qd3 e4 53. Qf1 Bh3 54. Qh1 Re5 55. Kd1 Qg4+ 56. Kc2 Qxg3 57. Nf1 Bxf1 58. Qxf1 Qxe3 59. Rxf6 Qd3+ 0-1

[Event "NOR-ch Various 2019"]
[Site "Larvik"]
[Date "2019.07.13"]
[Round "9.17"]
[White "Nielsen, Andre"]
[Black "Heier, Odin Nikolai"]
[Result "1-0"]
[ECO "C54"]
[WhiteElo "2229"]
[BlackElo "1863"]
[Annotator "ChessBase"]
[PlyCount "135"]
[EventDate "2019.07.06"]
[EventType "swiss"]
[EventCountry "NOR"]
[SourceTitle "playchess.com"]
[Source "ChessBase"]
[SourceQuality "1"]
[TimeControl "40/5400+30:1800+30"]

1. e4 e5 2. Nf3 Nc6 3. Bc4 Bc5 4. c3 Nf6 5. d3 O-O 6. O-O d6 7. Nbd2 a6 8. Bb3 Ba7 9. Re1 Ne7 10. Nf1 Ng6 11. Ng3 Bd7 12. d4 c5 13. dxe5 dxe5 14. Bg5 Bg4 15. h3 Qxd1 16. Bxd1 Bxf3 17. Bxf3 Ne8 18. Rad1 Nc7 19. Nf5 Ne6 20. Be3 c4 21. Bxa7 Rxa7 22. Rd7 Rfa8 23. Red1 b5 24. Rxa7 Rxa7 25. g3 Ngf8 26. Rd5 f6 27. Ne3 Ng5 28. Bg2 Nd7 29. h4 Nf7 30. Bh3 Nb6 31. Rc5 Kf8 32. Rc6 Rb7 33. Bc8 Rb8 34. Bxa6 Nd8 35. Rc5 Na4 36. Rxb5 Ra8 37. Bb7 Nxb7 38. Rxb7 Nc5 39. Rc7 Nxe4 40. Rxc4 Nd2 41. Rc7 Rxa2 42. b4 Ne4 43. b5 Rb2 44. c4 Nxf2 45. Nd5 Ne4 46. b6 Rb1+ 47. Kg2 Rb2+ 48. Kf3 Nd2+ 49. Ke3 Ke8 50. b7 Nxc4+ 51. Kd3 Nd6 52. Rc8+ Kd7 53. b8=Q Rxb8 54. Rxb8 Ke6 55. Ne3 Nf7 56. Re8+ Kd7 57. Rg8 g6 58. Rg7 Ke8 59. Rxh7 Kf8 60. Ng4 f5 61. Rxf7+ Kxf7 62. Nxe5+ Kf6 63. Nf3 Kg7 64. Ke3 Kh6 65. Kf4 Kh5 66. Nd4 Kh6 67. Nxf5+ Kh5 68. g4# 1-0

[Event "NOR-ch Various 2019"]
[Site "Larvik"]
[Date "2019.07.13"]
[Round "9.18"]
[White "Sjoberg, Isak"]
[Black "Kjaras, Alf Marius"]
[Result "1-0"]
[ECO "C41"]
[WhiteElo "2182"]
[BlackElo "1860"]
[Annotator "ChessBase"]
[PlyCount "61"]
[EventDate "2019.07.06"]
[EventType "swiss"]
[EventCountry "NOR"]
[SourceTitle "playchess.com"]
[Source "ChessBase"]
[SourceQuality "1"]
[TimeControl "40/5400+30:1800+30"]

1. e4 d6 2. d4 Nf6 3. Nc3 Nbd7 4. Nf3 e5 5. Bc4 h6 6. a4 c6 7. O-O Qc7 8. Qe2 Be7 9. Rd1 g5 10. b4 Nf8 11. Bb3 Be6 12. d5 Bg4 13. Qc4 Rc8 14. dxc6 Be6 15. Nd5 Bxd5 16. exd5 bxc6 17. dxc6 d5 18. Qe2 e4 19. Nd4 Bxb4 20. Bb2 Qe5 21. Rab1 Ng6 22. Nb5 Qf5 23. Bxf6 Nf4 24. Qe3 Qxf6 25. Bxd5 Nxd5 26. Qxe4+ Be7 27. Qxd5 Rxc6 28. Nxa7 Rd6 29. Rb8+ Rd8 30. Rxd8+ Bxd8 31. Qd7+ 1-0

[Event "NOR-ch Various 2019"]
[Site "Larvik"]
[Date "2019.07.13"]
[Round "9.19"]
[White "Melaa, Sondre"]
[Black "Bruaset, Eivind"]
[Result "1/2-1/2"]
[ECO "D00"]
[WhiteElo "2118"]
[BlackElo "2074"]
[Annotator "ChessBase"]
[PlyCount "112"]
[EventDate "2019.07.06"]
[EventType "swiss"]
[EventCountry "NOR"]
[SourceTitle "playchess.com"]
[Source "ChessBase"]
[SourceQuality "1"]
[TimeControl "40/5400+30:1800+30"]

1. d4 Nf6 2. Bg5 d5 3. Bxf6 exf6 4. e3 c6 5. g3 Bd6 6. Bg2 O-O 7. Ne2 Re8 8. O-O Nd7 9. Qd3 g6 10. b3 f5 11. c4 Nf6 12. cxd5 cxd5 13. Nbc3 Qa5 14. Qb5 Qxb5 15. Nxb5 Bb8 16. Rac1 Bd7 17. Nbc3 Bc6 18. Na4 Bb5 19. Rfe1 Bxa4 20. bxa4 Bd6 21. Rb1 Rec8 22. Rxb7 Rc2 23. Bf3 g5 24. Rc1 Rac8 25. Rbb1 R8c4 26. Rxc2 Rxc2 27. Rc1 Rxc1+ 28. Nxc1 Kf8 29. Kf1 Ke7 30. Bd1 Ne4 31. Bc2 Ke6 32. h3 Nf6 33. Ke2 h6 34. Kf3 g4+ 35. hxg4 fxg4+ 36. Ke2 Nd7 37. Nd3 f5 38. Bb3 h5 39. Ne1 Nf8 40. Ng2 Ng6 41. Bc2 Be7 42. Bd3 h4 43. gxh4 Bxh4 44. Bb5 Bg5 45. Be8 Ne7 46. Ne1 f4 47. exf4 Bxf4 48. Ng2 Bc1 49. Ne3 Bxe3 50. Kxe3 Kf5 51. Bd7+ Kg5 52. Be6 a5 53. a3 Nf5+ 54. Kd3 Ne7 55. Ke3 Nf5+ 56. Kd3 Ne7 {[%emt 0:00:58] Ke4} 1/2-1/2

[Event "NOR-ch Various 2019"]
[Site "Larvik"]
[Date "2019.07.13"]
[Round "9.20"]
[White "Kizatbay, Abyl"]
[Black "Nordquelle, Daniel"]
[Result "1/2-1/2"]
[ECO "B94"]
[WhiteElo "2216"]
[BlackElo "2181"]
[Annotator "ChessBase"]
[PlyCount "75"]
[EventDate "2019.07.06"]
[EventType "swiss"]
[EventCountry "NOR"]
[SourceTitle "playchess.com"]
[Source "ChessBase"]
[SourceQuality "1"]
[TimeControl "40/5400+30:1800+30"]

1. e4 c5 2. Nf3 d6 3. d4 cxd4 4. Nxd4 Nf6 5. Nc3 a6 6. Bg5 Nbd7 7. Bc4 Qc7 8. Qe2 h6 9. Bh4 g6 10. O-O-O Bg7 11. Bb3 O-O 12. f4 e5 13. fxe5 dxe5 14. Nf3 b5 15. Rhf1 Bb7 16. Bxf6 Nxf6 17. Nh4 Kh7 18. Rf3 Rad8 19. Rfd3 Rxd3 20. Qxd3 Rc8 21. a3 Bf8 22. Qf3 Kg7 23. Rf1 Qe7 24. Nd5 Bxd5 25. exd5 Ne8 26. Qg4 Nd6 27. Nf5+ Nxf5 28. Rxf5 Rc7 29. Rf1 Qd6 30. Kb1 Kh7 31. Qe2 Bg7 32. g4 Re7 33. Qe4 Bf6 34. Rf3 Rc7 35. Rh3 Bg5 36. Rf3 Kg7 37. Rf1 Rc8 38. Re1 1/2-1/2

[Event "NOR-ch Various 2019"]
[Site "Larvik"]
[Date "2019.07.13"]
[Round "9.21"]
[White "Sebastian, Andreas"]
[Black "Opseth, Oliver"]
[Result "1-0"]
[ECO "A23"]
[WhiteElo "1911"]
[BlackElo "1714"]
[Annotator "NA"]
[PlyCount "85"]
[EventDate "2019.07.06"]
[EventType "swiss"]
[EventCountry "NOR"]
[SourceTitle "playchess.com"]
[Source "ChessBase"]
[SourceQuality "1"]
[TimeControl "40/5400+30:1800+30"]

1. c4 e5 2. Nc3 Nf6 3. g3 Bc5 4. Bg2 c6 5. e3 d5 6. cxd5 cxd5 7. d4 exd4 8. exd4 Bb4 9. Nge2 Ne4 10. O-O Bf5 11. Qb3 Nc6 12. Qxd5 Qxd5 13. Nxd5 Bd6 14. Nec3 Nxc3 15. bxc3 O-O 16. Bf4 Ba3 17. Rfe1 h6 18. Ne3 Bg6 19. Nc4 Be7 20. Bxc6 bxc6 21. Rxe7 a5 22. Rae1 Bd3 23. Ne5 Bb5 24. Nd7 Rfd8 25. Nc5 Bc4 26. a4 Kh7 27. h4 Rd5 28. f3 Rc8 29. Kf2 Ra8 30. g4 Rdd8 31. Ne4 Bb3 32. g5 h5 33. Nc5 Bd5 34. Rb7 Bc4 35. Ree7 Bd5 36. Be5 Bc4 37. f4 Bd5 38. f5 Rg8 39. g6+ fxg6 40. Rxg7+ Rxg7 41. Rxg7+ Kh6 42. f6 g5 43. hxg5# 1-0

[Event "NOR-ch Various 2019"]
[Site "Larvik"]
[Date "2019.07.13"]
[Round "9.22"]
[White "Austad, Eirik"]
[Black "Valvag, Torbjorn"]
[Result "1-0"]
[ECO "A27"]
[WhiteElo "1741"]
[BlackElo "1912"]
[Annotator "NA"]
[PlyCount "137"]
[EventDate "2019.07.06"]
[EventType "swiss"]
[EventCountry "NOR"]
[SourceTitle "playchess.com"]
[Source "ChessBase"]
[SourceQuality "1"]
[TimeControl "40/5400+30:1800+30"]

1. c4 e5 2. Nc3 Nc6 3. Nf3 f5 4. d4 e4 5. Ng5 Bb4 6. Nh3 Nf6 7. e3 O-O 8. Bd2 d6 9. a3 Bxc3 10. Bxc3 Qe8 11. Nf4 g5 12. Nh3 h6 13. g3 Kh7 14. Be2 f4 15. Bf1 Bg4 16. Qb3 Rb8 17. Bg2 Qh5 18. Ng1 fxe3 19. fxe3 Bf3 20. Bxf3 exf3 21. Qc2+ Kg7 22. O-O-O f2 23. Ne2 Qf3 24. d5 Ne5 25. Nd4 Qxe3+ 26. Kb1 Ne4 27. Ne6+ Kg8 28. Bxe5 dxe5 29. Nxf8 Rxf8 30. Rhf1 g4 31. Rd3 Qg5 32. Rdd1 Qf5 33. Ka1 b6 34. Qd3 Ng5 35. Qxf5 Rxf5 36. Rd2 Nh3 37. Re2 Kf7 38. Kb1 Kf6 39. Kc2 Rf3 40. Kd2 Rf5 41. Ke3 Rf3+ 42. Kd2 h5 43. Re3 Rf5 44. Ke2 Kg5 45. b4 Kf6 46. a4 Ke7 47. c5 a5 48. d6+ Kd7 49. dxc7 Ng1+ 50. Kd2 Nf3+ 51. Rxf3 Rxf3 52. cxb6 axb4 53. a5 Ra3 54. Rd1 e4 55. Ke2+ Rd3 56. Rc1 Rc3 57. Rd1+ Rd3 58. Rc1 Rc3 59. Rd1+ Ke7 60. b7 Rc2+ 61. Ke3 Rc3+ 62. Kf4 Rd3 63. Rf1 e3 64. b8=Q e2 65. c8=Q Rd4+ 66. Kg5 Rd5+ 67. Kh4 exf1=Q 68. Qe8+ Kf6 69. Qf4+ 1-0

[Event "NOR-ch Various 2019"]
[Site "Larvik"]
[Date "2019.07.13"]
[Round "9.23"]
[White "Tunsjo, Axel"]
[Black "Aasen, Joakim"]
[Result "1-0"]
[ECO "B36"]
[WhiteElo "2039"]
[BlackElo "1718"]
[Annotator "NA"]
[PlyCount "111"]
[EventDate "2019.07.06"]
[EventType "swiss"]
[EventCountry "NOR"]
[SourceTitle "playchess.com"]
[Source "ChessBase"]
[SourceQuality "1"]
[TimeControl "40/5400+30:1800+30"]

1. e4 c5 2. Nf3 Nc6 3. d4 cxd4 4. Nxd4 g6 5. c4 Nf6 6. Nc3 d6 7. Be2 Nxd4 8. Qxd4 Bg7 9. Be3 O-O 10. Qd2 $11 Be6 11. O-O Qa5 12. Rab1 Rfc8 13. b4 Qc7 14. Rfc1 Qd8 15. c5 dxc5 16. Qxd8+ Rxd8 17. bxc5 b6 18. c6 Rac8 19. Nb5 Nxe4 20. Bf3 Nd2 21. Bxd2 Rxd2 22. c7 Rxa2 23. Bb7 Rf8 24. f4 h5 25. Re1 Kh7 26. Rbd1 a5 27. Na7 a4 28. Rxe6 fxe6 29. Nc6 a3 30. Rc1 Rd2 31. Kf1 a2 32. Ke1 Rxg2 33. Kf1 Rxh2 34. Nd8 Rh1+ 35. Bxh1 Rxf4+ 36. Ke2 Rc4 37. Rxc4 a1=Q 38. c8=Q Qxh1 39. Qxe6 Qg2+ 40. Kd3 Qf3+ 41. Kd2 Qg2+ 42. Qe2 Qd5+ 43. Qd3 Qg2+ 44. Kd1 Qh1+ 45. Kc2 Qh2+ 46. Qd2 Qe5 47. Kb3 b5 48. Rb4 Qg3+ 49. Ka2 Qg1 50. Rxb5 Qa1+ 51. Kb3 Qb1+ 52. Kc4 Qe4+ 53. Kc5 e6 54. Qd6 e5 55. Ne6 h4 56. Ng5+ 1-0

[Event "NOR-ch Various 2019"]
[Site "Larvik"]
[Date "2019.07.13"]
[Round "9.24"]
[White "Brattgjerd, Isak Vinh"]
[Black "Stromhaug, Kristoffer Wang"]
[Result "1/2-1/2"]
[ECO "D00"]
[WhiteElo "1571"]
[BlackElo "1566"]
[Annotator "NA"]
[PlyCount "52"]
[EventDate "2019.07.06"]
[EventType "swiss"]
[EventCountry "NOR"]
[SourceTitle "playchess.com"]
[Source "ChessBase"]
[SourceQuality "1"]
[TimeControl "40/5400+30:1800+30"]

1. d4 d5 2. Bf4 Bf5 3. e3 e6 4. Bd3 Bg6 5. Nf3 c5 6. c3 Nf6 7. O-O Nc6 8. Bxg6 hxg6 9. Nbd2 a6 10. c4 cxd4 11. exd4 Bd6 12. Bg3 Bxg3 13. hxg3 dxc4 14. Nxc4 b5 15. Nce5 Nxe5 16. dxe5 Nd5 17. Rc1 O-O 18. Qe2 Qb6 19. Rfd1 Rac8 20. Qe4 Ne7 21. Ng5 Nf5 22. g4 Nh6 23. Rxc8 Rxc8 24. g3 Qc7 25. Qd4 Qe7 26. Qf4 Rc4 1/2-1/2